cohdb
Replays
Latest Replays
All Replays
Popular Replays
Top Player Replays
Match Explorer
How It Works
Community
CoH3 Stats
Reddit
Sign in to upload your games and track your stats! →
Sign in with Steam
Match 27500457
Unlisted
Match 27500457
Overview
Messages
Build Orders
End
Panzergrenadier Squad
Selects Italian Infantry
Panzergrenadier Squad
250 Light Carrier
Construct Light Support Kompanie
2.5-tonne Medical Truck
MG34 Team
Fire Support Elements
Panzerjäger Mechanized Group
Selects Guastatori Squad
Guastatori Squad
Construct Panzerarmee Kommand
Flakvierling Half-track
Selects Registered Artillery
Construct Panzerarmee Kommand
MMMMMMMMMMMM
[DOOM INTENSIFIES]
队友祭天 法力无边
Charta_
tbxldskdlxm
Minato Yukina
0
0
Comments
sign in to comment!
No comments posted yet!